TOP OF THE 1ST |
Casper Ghosts batting - Pitching for Moose Jaw Ghostbusters : LHP Martin White
|
Pitching: LHP Martin White
|
|
Batting: RHB James Jenkins
|
0-0: Swinging Strike 0-1: Ball 1-1: Ball 2-1: Swinging Strike 2-2: Strikes out swinging
|
Batting: RHB Peter Bryant
|
0-0: Called Strike 0-1: Ball 1-1: Fly out, F8 (Flyball, 8RM)
|
Batting: SHB Dave Henley
|
0-0: Called Strike 0-1: Ball 1-1: SINGLE (Groundball, 56D)
|
Batting: RHB Juan García
|
0-0: Fly out, F6 (Line Drive, 56)
|
Top of the 1st over - 0 run(s), 1 hit(s), 0 error(s), 1 left on base; Casper 0 - Moose Jaw 0 |
BOTTOM OF THE 1ST |
Moose Jaw Ghostbusters batting - Pitching for Casper Ghosts : LHP Ben Reyes
|
Pitching: LHP Ben Reyes
|
|
Batting: LHB David Adams
|
0-0: Foul Ball, location: 2F 0-1: Ball 1-1: Ball 2-1: Fly out, F7 (Line Drive, 78XD)
|
Batting: RHB Yasuhiko Sumita
|
0-0: Ball 1-0: Fly out, F7 (Flyball, 7)
|
Batting: RHB Billy Mullins
|
0-0: Called Strike 0-1: Foul Ball, location: 2F 0-2: Ball 1-2: Foul Ball, location: 2F 1-2: Ball 2-2: Foul Ball, location: 2F 2-2: Ball 3-2: Fly out, F8 (Flyball, 8RS)
|
Bottom of the 1st over - 0 run(s), 0 hit(s), 0 error(s), 0 left on base; Casper 0 - Moose Jaw 0 |
TOP OF THE 2ND |
Casper Ghosts batting - Pitching for Moose Jaw Ghostbusters : LHP Martin White
|
Batting: SHB José González
|
0-0: Ball 1-0: Foul Ball, location: 2F 1-1: SINGLE (Line Drive, 34D)
|
Batting: RHB Robert Acosta
|
0-0: Ball 1-0: Fielders Choice at 2nd, 1-6 (Groundball, 13)
|
Batting: RHB Mark Arnold
|
0-0: Ball 1-0: Called Strike Robert Acosta steals 2nd base 1-1: DOUBLE (Groundball, 5L) Robert Acosta scores
|
Batting: LHB Ramón Córdova
|
0-0: Called Strike 0-1: Ground out 5-3 (Groundball, 5)
|
Batting: LHB Ralph Cobb
|
0-0: Ball 1-0: Foul Ball, location: 2F 1-1: Called Strike 1-2: DOUBLE (Groundball, 5L) Mark Arnold scores
|
Batting: RHB James Jenkins
|
0-0: Ball 1-0: Ground out 5-3 (Groundball, 5L)
|
Top of the 2nd over - 2 run(s), 3 hit(s), 0 error(s), 1 left on base; Casper 2 - Moose Jaw 0 |
BOTTOM OF THE 2ND |
Moose Jaw Ghostbusters batting - Pitching for Casper Ghosts : LHP Ben Reyes
|
Batting: LHB Francisco Cardenas
|
0-0: Called Strike 0-1: Ball 1-1: Ball 2-1: Foul Ball, location: 2F 2-2: Ball 3-2: Foul Ball, location: 2F 3-2: Foul Ball, location: 2F 3-2: Base on Balls
|
Batting: LHB Jon Scott
|
0-0: SINGLE (Groundball, 34D) Francisco Cardenas to second
|
Pitching: RHP Ray Adams
|
|
Batting: LHB Will Vale
|
0-0: Swinging Strike 0-1: Ball 1-1: Ball 2-1: Foul Ball, location: 2F 2-2: Foul Ball, location: 2F 2-2: Strikes out swinging
|
Batting: LHB Dave Stewart
|
0-0: Ball 1-0: Ball 2-0: Ball 3-0: Called Strike 3-1: Base on Balls Francisco Cardenas to third Jon Scott to second
|
Batting: SHB Rafael Acosta
|
0-0: Ball 1-0: Swinging Strike 1-1: Grounds into double play, 6-4-3 (Groundball, 6)
|
Bottom of the 2nd over - 0 run(s), 1 hit(s), 0 error(s), 2 left on base; Casper 2 - Moose Jaw 0 |
TOP OF THE 3RD |
Casper Ghosts batting - Pitching for Moose Jaw Ghostbusters : LHP Martin White
|
Batting: RHB Peter Bryant
|
0-0: Foul Ball, location: 2F 0-1: Fly out, F4 (Popup, 4D)
|
Batting: SHB Dave Henley
|
0-0: SINGLE (Line Drive, 56)
|
Batting: RHB Juan García
|
0-0: Called Strike 0-1: Ball 1-1: Ball 2-1: Foul Ball, location: 2F 2-2: Ball 3-2: Reached on error, E5 (Groundball, 56) Dave Henley to second
|
Batting: SHB José González
|
0-0: Called Strike 0-1: Ball 1-1: Ball 2-1: Called Strike 2-2: Strikes out swinging
|
Batting: RHB Robert Acosta
|
0-0: Ball 1-0: Ground out 4-3 (Groundball, 4M)
|
Top of the 3rd over - 0 run(s), 1 hit(s), 1 error(s), 2 left on base; Casper 2 - Moose Jaw 0 |
BOTTOM OF THE 3RD |
Moose Jaw Ghostbusters batting - Pitching for Casper Ghosts : RHP Ray Adams
|
Batting: RHB Aaron Murray
|
0-0: Ball 1-0: Swinging Strike 1-1: Swinging Strike 1-2: Foul Ball, location: 2F 1-2: Ball 2-2: Strikes out looking
|
Batting: LHB David Adams
|
0-0: SINGLE (Groundball, 5) (infield hit)
|
Batting: RHB Yasuhiko Sumita
|
0-0: Ball 1-0: Swinging Strike 1-1: Foul Ball, location: 2F 1-2: SINGLE (Popup, 3D) David Adams to second Runner from 2nd tries for 3rd, SAFE, no throw
|
Batting: RHB Billy Mullins
|
0-0: Ball 1-0: Ball 2-0: Called Strike 2-1: Ball 3-1: Foul Ball, location: 2F 3-2: Base on Balls Yasuhiko Sumita to second
|
Batting: LHB Francisco Cardenas
|
0-0: Called Strike 0-1: SINGLE (Line Drive, 8LS) David Adams scores Yasuhiko Sumita to third Billy Mullins to second
|
Batting: LHB Jon Scott
|
0-0: Ball 1-0: Fly out, F8 (Flyball, 8RD) Runner from 3rd tags up, SCORES, no throw Billy Mullins to third
|
Batting: LHB Will Vale
|
0-0: Ball Wild Pitch! Billy Mullins scores Francisco Cardenas to second 1-0: Called Strike 1-1: Ground out 5-3 (Groundball, 56)
|
Bottom of the 3rd over - 3 run(s), 3 hit(s), 0 error(s), 1 left on base; Casper 2 - Moose Jaw 3 |
TOP OF THE 4TH |
Casper Ghosts batting - Pitching for Moose Jaw Ghostbusters : LHP Martin White
|
Batting: RHB Mark Arnold
|
0-0: Foul Ball, location: 2F 0-1: Ball 1-1: SINGLE (Popup, 6D)
|
Batting: LHB Ramón Córdova
|
0-0: Foul Ball, location: 2F 0-1: Called Strike 0-2: Foul Ball, location: 2F 0-2: Ball 1-2: Ball 2-2: SINGLE (Groundball, 6D) Mark Arnold to second
|
Batting: LHB Ralph Cobb
|
0-0: Ball 1-0: Called Strike 1-1: Ball 2-1: Ball 3-1: SINGLE (Groundball, 4D) Mark Arnold to third Ramón Córdova to second
|
Batting: RHB James Jenkins
|
0-0: Foul Ball, location: 2F 0-1: Foul Ball, location: 2F 0-2: Foul Ball, location: 2F 0-2: SINGLE (Groundball, 6MS) (infield hit) Mark Arnold scores Ramón Córdova to third Ralph Cobb to second
|
Batting: RHB Peter Bryant
|
0-0: Ball 1-0: Ball 2-0: Ball 3-0: Foul Ball, location: 2F 3-1: Called Strike 3-2: Foul Ball, location: 2F 3-2: Strikes out swinging
|
Batting: SHB Dave Henley
|
0-0: Ball 1-0: Called Strike 1-1: Ball 2-1: Swinging Strike 2-2: Grounds into double play, 5-4-3 (Groundball, 56)
|
Top of the 4th over - 1 run(s), 4 hit(s), 0 error(s), 2 left on base; Casper 3 - Moose Jaw 3 |
BOTTOM OF THE 4TH |
Moose Jaw Ghostbusters batting - Pitching for Casper Ghosts : RHP Ray Adams
|
Batting: LHB Dave Stewart
|
0-0: Called Strike 0-1: Ball 1-1: Ball 2-1: Ball 3-1: SINGLE (Groundball, 6MD)
|
Batting: SHB Rafael Acosta
|
0-0: Grounds into double play, 1-6-3 (Groundball, 13S)
|
Batting: RHB Aaron Murray
|
0-0: Called Strike 0-1: Foul Ball, location: 2F 0-2: Strikes out looking
|
Bottom of the 4th over - 0 run(s), 1 hit(s), 0 error(s), 0 left on base; Casper 3 - Moose Jaw 3 |
TOP OF THE 5TH |
Casper Ghosts batting - Pitching for Moose Jaw Ghostbusters : LHP Martin White
|
Batting: RHB Juan García
|
0-0: Called Strike 0-1: SINGLE (Groundball, 34D)
|
Batting: SHB José González
|
0-0: Called Strike 0-1: Ball 1-1: Ball 2-1: Foul Ball, location: 2F 2-2: Grounds into double play, 6-4-3 (Groundball, 56)
|
Batting: RHB Robert Acosta
|
0-0: Ball 1-0: Ball 2-0: Called Strike 2-1: Ball 3-1: Ground out 5-3 (Groundball, 5)
|
Top of the 5th over - 0 run(s), 1 hit(s), 0 error(s), 0 left on base; Casper 3 - Moose Jaw 3 |
BOTTOM OF THE 5TH |
Moose Jaw Ghostbusters batting - Pitching for Casper Ghosts : RHP Ray Adams
|
Batting: LHB David Adams
|
0-0: Ball 1-0: Swinging Strike 1-1: Ball 2-1: Ground out 4-3 (Groundball, 34)
|
Batting: RHB Yasuhiko Sumita
|
0-0: Called Strike 0-1: Ball 1-1: Foul Ball, location: 2F 1-2: Foul Ball, location: 2F 1-2: Ball 2-2: Strikes out swinging
|
Batting: RHB Billy Mullins
|
0-0: Fly out, F4 (Line Drive, 4M)
|
Bottom of the 5th over - 0 run(s), 0 hit(s), 0 error(s), 0 left on base; Casper 3 - Moose Jaw 3 |
TOP OF THE 6TH |
Casper Ghosts batting - Pitching for Moose Jaw Ghostbusters : LHP Martin White
|
Pitching: RHP Bennett Greer
|
|
Batting: RHB Mark Arnold
|
0-0: Foul Ball, location: 2F 0-1: Ball 1-1: Called Strike 1-2: Ground out 5-3 (Groundball, 56S)
|
Batting: LHB Ramón Córdova
|
0-0: Called Strike 0-1: Called Strike 0-2: Strikes out looking
|
Batting: LHB Ralph Cobb
|
0-0: Called Strike 0-1: Ball 1-1: Swinging Strike 1-2: Foul Ball, location: 2F 1-2: Foul Ball, location: 2F 1-2: Strikes out looking
|
Top of the 6th over - 0 run(s), 0 hit(s), 0 error(s), 0 left on base; Casper 3 - Moose Jaw 3 |
BOTTOM OF THE 6TH |
Moose Jaw Ghostbusters batting - Pitching for Casper Ghosts : RHP Ray Adams
|
Pitching: LHP Luis Alemán
|
|
Batting: LHB Francisco Cardenas
|
0-0: Ball 1-0: Ball 2-0: Called Strike 2-1: Foul Ball, location: 2F 2-2: Foul Ball, location: 2F 2-2: Foul Ball, location: 2F 2-2: Ball 3-2: Base on Balls
|
Batting: LHB Jon Scott
|
0-0: Ball 1-0: Foul Ball, location: 2F 1-1: Ball 2-1: Foul Ball, location: 2F 2-2: Ball 3-2: Fly out, F8 (Flyball, 8RS)
|
Batting: LHB Will Vale
|
0-0: Called Strike 0-1: Grounds into double play, 5-4-3 (Groundball, 5L)
|
Bottom of the 6th over - 0 run(s), 0 hit(s), 0 error(s), 0 left on base; Casper 3 - Moose Jaw 3 |
TOP OF THE 7TH |
Casper Ghosts batting - Pitching for Moose Jaw Ghostbusters : RHP Bennett Greer
|
Batting: RHB James Jenkins
|
0-0: Ball 1-0: Ball 2-0: Swinging Strike 2-1: Foul Ball, location: 2F 2-2: Strikes out swinging
|
Batting: RHB Peter Bryant
|
0-0: Called Strike 0-1: Foul Ball, location: 2F 0-2: Strikes out swinging
|
Batting: SHB Dave Henley
|
0-0: Swinging Strike 0-1: Fly out, F7 (Line Drive, 7)
|
Top of the 7th over - 0 run(s), 0 hit(s), 0 error(s), 0 left on base; Casper 3 - Moose Jaw 3 |
BOTTOM OF THE 7TH |
Moose Jaw Ghostbusters batting - Pitching for Casper Ghosts : LHP Luis Alemán
|
Batting: LHB Dave Stewart
|
0-0: Called Strike 0-1: Ball 1-1: Ball 2-1: Ball 3-1: SINGLE (Groundball, 6D)
|
Batting: SHB Rafael Acosta
|
0-0: Ball 1-0: Bunted foul 1-1: Ball 2-1: Ball 3-1: Bunt missed! 3-2: Foul Ball, location: 2F 3-2: Hit by Pitch Dave Stewart to second
|
Batting: RHB Aaron Murray
|
0-0: Ball 1-0: Ball 2-0: Ball 3-0: Base on Balls Dave Stewart to third Rafael Acosta to second
|
Batting: LHB David Adams
|
0-0: Ball 1-0: Ball 2-0: Ball 3-0: Called Strike 3-1: Foul Ball, location: 2F 3-2: Strikes out swinging
|
Batting: RHB Yasuhiko Sumita
|
0-0: Called Strike 0-1: Ball 1-1: Ball 2-1: Swinging Strike 2-2: Ball 3-2: Foul Ball, location: 2F 3-2: Base on Balls Dave Stewart scores Rafael Acosta to third Aaron Murray to second
|
Batting: RHB Billy Mullins
|
0-0: Ball 1-0: Foul Ball, location: 2F 1-1: Ball 2-1: Ball 3-1: Called Strike 3-2: Foul Ball, location: 2F 3-2: Foul Ball, location: 2F 3-2: Foul Ball, location: 2F 3-2: Base on Balls Rafael Acosta scores Aaron Murray to third Yasuhiko Sumita to second
|
Pitching: RHP Jack Hampton
|
|
Batting: LHB Francisco Cardenas
|
0-0: Ball 1-0: DOUBLE (Line Drive, 89D) Aaron Murray scores Yasuhiko Sumita scores Billy Mullins to third
|
Batting: LHB Jon Scott
|
0-0: Swinging Strike 0-1: Called Strike 0-2: Ball 1-2: Ball 2-2: Foul Ball, location: 2F 2-2: Strikes out looking
|
Batting: LHB Will Vale
|
0-0: Called Strike 0-1: Swinging Strike 0-2: Foul Ball, location: 2F 0-2: Foul Ball, location: 2F 0-2: Ball 1-2: Ball 2-2: DOUBLE (Groundball, 5L) Billy Mullins scores Francisco Cardenas scores
|
Batting: LHB Dave Stewart
|
0-0: Foul Ball, location: 2F 0-1: Ball 1-1: Fly out, F8 (Flyball, 8LM)
|
Bottom of the 7th over - 6 run(s), 3 hit(s), 0 error(s), 1 left on base; Casper 3 - Moose Jaw 9 |
TOP OF THE 8TH |
Casper Ghosts batting - Pitching for Moose Jaw Ghostbusters : RHP Bennett Greer
|
Batting: RHB Juan García
|
0-0: Ball 1-0: Called Strike 1-1: Ball 2-1: Foul Ball, location: 2F 2-2: Foul Ball, location: 2F 2-2: Ball 3-2: SOLO HOME RUN (Line Drive, 78XD), Distance : 426 ft
|
Batting: SHB José González
|
0-0: Ball 1-0: Ball 2-0: Ball 3-0: Base on Balls
|
Batting: RHB Robert Acosta
|
0-0: Fielders Choice at 2nd, 6-4 (Groundball, 6)
|
Batting: RHB Mark Arnold
|
0-0: Called Strike 0-1: Ball 1-1: Ball 2-1: Foul Ball, location: 2F 2-2: Ball 3-2: Base on Balls Robert Acosta to second
|
Batting: LHB Ramón Córdova
|
0-0: Ball 1-0: Ball 2-0: Called Strike 2-1: Ball 3-1: SINGLE (Groundball, 34D) Robert Acosta to third Mark Arnold to second Runner from 3rd tries for Home, SAFE, no throw
|
Pitching: LHP Javier Galeas
|
|
Batting: LHB Ralph Cobb
|
0-0: SINGLE (Line Drive, 9LS) Mark Arnold to third Ramón Córdova to second Runner from 3rd tries for Home, SAFE, throw made home Ramón Córdova to third Ralph Cobb to second
|
Batting: RHB James Jenkins
|
0-0: Foul Ball, location: 2F 0-1: Foul Ball, location: 2F 0-2: 3-RUN HOME RUN (Flyball, 78XD), Distance : 402 ft
|
Pitching: RHP José Orozco
|
|
Batting: RHB Peter Bryant
|
0-0: Ball 1-0: Swinging Strike 1-1: Swinging Strike 1-2: Strikes out swinging
|
Batting: SHB Dave Henley
|
0-0: Swinging Strike 0-1: Called Strike Error on foul ball, E5 0-2: Foul Ball, location: 2F 0-2: Ball 1-2: Foul Ball, location: 2F 1-2: Strikes out looking
|
Top of the 8th over - 6 run(s), 4 hit(s), 1 error(s), 0 left on base; Casper 9 - Moose Jaw 9 |
BOTTOM OF THE 8TH |
Moose Jaw Ghostbusters batting - Pitching for Casper Ghosts : LHP Pablo Solíz
|
Pitching: LHP Pablo Solíz
|
|
Batting: SHB Rafael Acosta
|
0-0: Called Strike 0-1: Fly out, F8 (Flyball, 8LXD)
|
Pinch Hitting: RHB Shawn Bane
|
0-0: Swinging Strike 0-1: SINGLE (Line Drive, 6MD)
|
Batting: LHB David Adams
|
0-0: Called Strike 0-1: Ball 1-1: SINGLE (Line Drive, 8RS) Shawn Bane to second
|
Batting: RHB Yasuhiko Sumita
|
0-0: Ball 1-0: Ball 2-0: Foul Ball, location: 2F 2-1: SINGLE (Groundball, 56D) Shawn Bane to third David Adams to second
|
Batting: RHB Billy Mullins
|
0-0: Called Strike 0-1: Called Strike 0-2: Strikes out swinging
|
Batting: LHB Francisco Cardenas
|
0-0: Called Strike 0-1: Swinging Strike 0-2: SINGLE (Groundball, 34D) Shawn Bane scores David Adams to third Yasuhiko Sumita to second Runner from 3rd tries for Home, SAFE, no throw
|
Pinch Hitting: RHB Don Turner
|
0-0: Called Strike 0-1: Ball 1-1: 3-RUN HOME RUN (Flyball, 7D), Distance : 370 ft
|
Batting: LHB Will Vale
|
0-0: Ball 1-0: Called Strike 1-1: SINGLE (Groundball, 34D)
|
Batting: LHB Dave Stewart
|
0-0: Called Strike 0-1: Ball 1-1: Called Strike 1-2: Strikes out swinging
|
Bottom of the 8th over - 5 run(s), 6 hit(s), 0 error(s), 1 left on base; Casper 9 - Moose Jaw 14 |
TOP OF THE 9TH |
Casper Ghosts batting - Pitching for Moose Jaw Ghostbusters : RHP José Orozco
|
Now at 3B: Donald Fenner
|
|
Now in LF: Don Turner
|
|
Batting: RHB Juan García
|
0-0: Ball 1-0: Ball 2-0: Swinging Strike 2-1: Swinging Strike 2-2: Ball 3-2: Ground out 6-3 (Groundball, 6MD)
|
Batting: SHB José González
|
0-0: Ball 1-0: Called Strike 1-1: Ball 2-1: Foul Ball, location: 2F 2-2: Strikes out swinging
|
Pitching: RHP Pancho Hernández
|
|
Batting: RHB Robert Acosta
|
0-0: Ball 1-0: SINGLE (Groundball, 56) (infield hit)
|
Batting: RHB Mark Arnold
|
0-0: Called Strike 0-1: Ball 1-1: Ball 2-1: Foul Ball, location: 2F 2-2: Strikes out swinging
|
Top of the 9th over - 0 run(s), 1 hit(s), 0 error(s), 1 left on base; Casper 9 - Moose Jaw 14 |
|